 Dungeon Crawl Stone Soup version 0.30.1-9-gdf580d7c3d (webtiles) character file.

Game seed: 18009207793267100661

602 H0rd4k the Charlatan (level 7, 0/43 HPs)
             Began as an Octopode Artificer on Oct 24, 2023.
             Was an Initiate of Gozag.
             Slain by a centaur (3 damage)
             ... on level 5 of the Dungeon on Oct 25, 2023.
             The game lasted 00:06:50 (4900 turns).

H0rd4k the Charlatan (Octopode Artificer)           Turns: 4900, Time: 00:06:51

Health: 0/43       AC:  1    Str: 11    XL:     7   Next: 41%
Magic:  20/20      EV: 14    Int: 15    God:    Gozag
Gold:   685        SH:  0    Dex: 13    Spells: 9/11 levels left

rFire   . .          .
                       - Unarmed
rCold   . . .        (no shield)
rNeg    . . .        (helmet restricted)
rPois   .            (no amulet)
rElec   .            h - ring of see invisible
rCorr   .            n - ring of magical power
SInv    +            (no ring)
Will    .....        (no ring)
Stlth   +++          (no ring)
HPRegen 0.27/turn    (no ring)
MPRegen 0.17/turn    (no ring)
                     (no ring)

%: no passive effects
@: no status effects
A: almost no armour, amphibious, 8 rings, camouflage 1, gelatinous body 1,
(nimble swimmer 1), tentacles
a: Renounce Religion, Potion Petition, Call Merchant, Bribe Branch


You were on level 5 of the Dungeon.
You worshipped Gozag.
Gozag was pleased with you.
You visited 1 branch of the dungeon, and saw 5 of its levels.
You also visited: Ossuary.

You collected 710 gold pieces.
You paid 25 gold pieces to Gozag.

Inventory:

Missiles
 i - 3 atropa-tipped darts
 r - 2 curare-tipped darts
 v - 14 poisoned darts
Armour
 s - an orb of light
Jewellery
 h - a ring of see invisible (left tentacle)
 n - a ring of magical power (right tentacle)
Wands
 b - a wand of flame (9)
 c - a wand of charming (19)
 d - a wand of iceblast (5)
 q - a wand of mindburst (11)
Scrolls
 g - 2 scrolls of identify
 j - a scroll of enchant armour
 m - 2 scrolls of blinking {unknown}
 p - 2 scrolls of enchant weapon {unknown}
 t - 5 scrolls of teleportation
 u - 4 scrolls of fear {unknown}
 x - a scroll of immolation {unknown}
 y - 2 scrolls of poison {unknown}
 C - a scroll of butterflies {unknown}
Potions
 a - 2 potions of degeneration
 e - 6 potions of curing
 f - 2 potions of lignification
 k - 2 potions of brilliance
 l - a potion of cancellation {unknown}
 o - a potion of flight {unknown}
 w - a potion of magic {unknown}
 z - a potion of haste {unknown}
 A - a potion of mutation {unknown}
 B - a potion of attraction {unknown}


   Skills:
 - Level 1.5 Fighting
 + Level 0.1 Short Blades
 + Level 0.1(0.2) Axes
 + Level 0.1 Polearms
 + Level 0.2 Throwing
 - Level 3.3 Dodging
 - Level 1.3 Stealth
 - Level 1.8 Unarmed Combat
 * Level 2.7 Spellcasting
 + Level 0.1 Conjurations
 + Level 0.2 Hexes
 + Level 0.1 Necromancy
 * Level 2.8 Air Magic
 + Level 0.1 Earth Magic
 * Level 4.1 Poison Magic
 - Level 4.6 Evocations


You had 9 spell levels left.
You knew the following spells:

 Your Spells              Type           Power      Damage    Failure   Level
a - Poisonous Vapours     Pois/Air       24%        N/A       8%          2

Your spell library contained the following spells:

 Spells                   Type           Power      Damage    Failure   Level
 Sting                    Tmut/Pois      32%        1d4       9%          1
 Freeze                   Ice            8%         1d3       21%         1
 Olgreb's Toxic Radiance  Pois           14%        N/A       36%         4
 Portal Projectile        Hex/Tloc       4%         N/A       50%         3
 Call Canine Familiar     Summ           2%         N/A       52%         3
 Frozen Ramparts          Ice            4%         1d1       52%         3
 Gell's Gravitas          Tloc           2%         N/A       52%         3
 Hailstorm                Conj/Ice       2%         3d3       52%         3
 Teleport Other           Tloc           2%         N/A       52%         3
 Leda's Liquefaction      Hex/Erth       1%         N/A       88%         4
 Dispersal                Tloc           1%         N/A       100%        6


Dungeon Overview and Level Annotations

Branches:
Dungeon (5/15)             Temple (0/1) D:4         Ossuary (visited)

Altars:
Dithmenos
Fedhas
Gozag
Hepliaklqana
Kikubaaqudgha
Nemelex Xobeh
Sif Muna

Annotations:
D:2 1 runed translucent door, exclusion: door, Crazy Yiuf
D:5 exclusion: hornet


Innate Abilities, Weirdness & Mutations

You cannot wear most types of armour.
You are amphibious.
You can wear up to eight rings at the same time.
Your skin changes colour to match your surroundings (Stealth+).
Your rubbery body absorbs attacks. (AC +1, EV +1)
((You are camouflaged when in or above water. (Stealth+)))
You have tentacles for arms and can constrict up to eight enemies at once.


Message History

You closely miss the centaur.
You squeeze the centaur, but do no damage.
The centaur misses you. The centaur kicks you.
You barely miss the centaur.
The centaur hits you but does no damage.
The centaur kicks you. The centaur barely misses you.
The centaur closely misses you.
You tentacle-slap the centaur.
The centaur is lightly wounded.
The centaur closely misses you.
The centaur kicks you but does no damage.
You tentacle-slap the centaur.
The centaur is lightly wounded.
The centaur hits you. The centaur barely misses you.
The centaur closely misses you. The centaur completely misses you.
You tentacle-slap the centaur. Your squeeze misses the centaur.
The centaur is moderately wounded.
The centaur misses you. The centaur kicks you.
You tentacle-slap the centaur but do no damage.
The centaur is moderately wounded.
The centaur hits you. The centaur closely misses you.
You tentacle-slap the centaur.
The centaur is moderately wounded.
The centaur barely misses you. The centaur closely misses you.
The centaur hits you.
* * * LOW HITPOINT WARNING * * *
The centaur closely misses you.
You barely miss the centaur.
The centaur is moderately wounded.
The centaur hits you.
* * * LOW HITPOINT WARNING * * *
The centaur kicks you.
* * * LOW HITPOINT WARNING * * *
You tentacle-slap the centaur but do no damage.
The centaur is moderately wounded.
The centaur closely misses you. The centaur kicks you.
* * * LOW HITPOINT WARNING * * *
The centaur hits you.
You die...
Your body crumbles into a pile of gold.

######.##..###.#####
#.##..# #.##... #.##..#
#.##.## #.###.###.##.#
#.........##.# #.####
#####.######.# .#....###
#.# #.# ......c.# #.#
#.#
.###.#@######.######.#
#..........)..........##
#####.########.........#
#.# #######...( #.#
#......... #.#
#.#######. #.# #.#
####.. #.#########.#
#..... #...........#
#.##..


You could see a centaur.

Vanquished Creatures
  A wraith (Ossuary)
  A scorpion (D:4)
  3 hounds (D:5)
  A jelly (D:5)
  An orc priest (D:3)
  An orc wizard (D:3)
  A mummy (Ossuary)
  Robin (D:2)
  A gnoll (D:1)
  8 adders
  A white imp (D:5)
  3 dart slugs (D:1)
  2 orcs (D:3)
  4 ball pythons
  3 bats
  5 endoplasms
  A giant cockroach (D:3)
  9 hobgoblins
  8 jackals
  2 quokkas
  4 frilled lizards
  3 gnoll skeletons (Ossuary)
  9 goblins
  7 kobolds
  7 kobold skeletons (Ossuary)
  15 orc skeletons (Ossuary)
  4 rats
106 creatures vanquished.

Vanquished Creatures (collateral kills)
  An orc (D:3)
  An endoplasm (D:3)
  2 goblins (D:2)
4 creatures vanquished.

Vanquished Creatures (others)
  A goblin (D:2)
1 creature vanquished.

Grand Total: 111 creatures vanquished

Notes
Turn   | Place    | Note
-------+----------+-------------------------------------------
     0 | D:1      | H0rd4k the Octopode Artificer began the quest for the Orb.
     0 | D:1      | Reached XP level 1. HP: 13/13 MP: 1/1
   108 | D:1      | Reached XP level 2. HP: 18/18 MP: 2/2
   302 | D:1      | Found a faded altar of an unknown god.
   350 | D:1      | Reached XP level 3. HP: 10/23 MP: 3/3
  1026 | D:2      | Found an opulent altar of Gozag.
  1037 | D:2      | Became a worshipper of Gozag Ym Sagoz the Greedy
  1044 | D:2      | Reached skill level 1 in Unarmed Combat
  1107 | D:2      | Reached XP level 4. HP: 27/28 MP: 4/4
  1223 | D:2      | Found a runed translucent door.
  1233 | D:2      | Noticed Crazy Yiuf
  1514 | D:2      | Noticed Robin
  1526 | D:2      | HP: 1/28 [goblin/+0 club[Robin] (1)]
  1793 | D:2      | Killed Robin
  1960 | D:2      | Reached XP level 5. HP: 29/33 MP: 5/5
  2273 | D:2      | Learned a level 2 spell: Poisonous Vapours
  2391 | D:3      | Reached skill level 1 in Poison Magic
  2519 | D:3      | Reached skill level 1 in Air Magic
  3320 | D:4      | Reached skill level 1 in Spellcasting
  3320 | D:4      | Reached XP level 6. HP: 38/38 MP: 8/8
  3334 | D:4      | Found a staircase to the Ecumenical Temple.
  3354 | D:4      | Found a sand-covered staircase.
  3366 | Ossuary  | Entered an ossuary
  3366 | Ossuary  | Noticed a wraith
  3366 | Ossuary  | Noticed a wraith
  3366 | Ossuary  | Noticed a wraith
  3493 | Ossuary  | Noticed a wraith
  3523 | Ossuary  | Killed a wraith
  3524 | Ossuary  | Reached XP level 7. HP: 43/43 MP: 10/10
  4088 | D:5      | Entered Level 5 of the Dungeon
  4246 | D:5      | Found a hazy altar of Hepliaklqana.
  4247 | D:5      | Found a shadowy altar of Dithmenos.
  4249 | D:5      | Found a blossoming altar of Fedhas.
  4250 | D:5      | Found an ancient bone altar of Kikubaaqudgha.
  4384 | D:5      | Found a sparkling altar of Nemelex Xobeh.
  4507 | D:5      | Noticed a hornet
  4811 | D:5      | Found a shimmering blue altar of Sif Muna.
  4900 | D:5      | Slain by a centaur

Illustrated notes

Levels and vault maps discovered:
D:1:      spicycebolla_green_bress_n_ham, layout_loops_ring,
          shapermc_ecumenical_altar_mp_vishouse
D:2:      layout_loops_ring, basic_altar, serial_bayou, serial_bayou_pond_a,
          serial_bayou_crossing, serial_bayou_shore_a, serial_bayou_lake_a,
          roderic_lattice_a, uniq_robin, uniq_crazy_yiuf_cottage
D:3:      layout_basic, chequers_serial_rivers_micro_c
D:4:      layout_rooms, temple_doors_e, nicolae_ossuary_entry_monument
D:5:      layout_loops_ring, lemuel_blue_sif_altar,
          mainiacjoe_overflow_alcove_3, mainiacjoe_overflow_large_starburst

Skill      XL: |  1  2  3  4  5  6  7 |
---------------+----------------------+-----
Evocations     | 4 |  4.6
Unarmed Combat | 1 |  1.8
Dodging        | 3 |  3.3
Poison Magic   | 2 3 4 |  4.1
Air Magic      | 1 2 |  2.8
Spellcasting   | 1 2 |  2.7
Fighting       | |  1.5
Short Blades   | |  0.1
Axes           | |  0.1
Polearms       | |  0.1
Throwing       | |  0.2
Stealth        | |  1.3
Conjurations   | |  0.1
Hexes          | |  0.2
Necromancy     | |  0.1
Earth Magic    | |  0.1

Action                     |  1- 3 |  4- 6 |  7- 9 || total
---------------------------+-------+-------+-------++-------
  Melee: Unarmed           |    80 |   159 |    56 ||   295
         Tentacles         |    21 |    42 |    18 ||    81
         Constrict         |    18 |    38 |    22 ||    78
         Punch             |     1 |     3 |       ||     4
   Cast: Poisonous Vapours |       |       |    33 ||    33
  Evoke: Wand              |       |     8 |     2 ||    10
    Use: Scroll            |       |     6 |       ||     6
         Potion            |       |     1 |       ||     1
   Stab: Sleeping          |     4 |     5 |     2 ||    11
         Distracted        |     1 |       |       ||     1
 Armour: Skin              |     2 |    26 |     4 ||    32
  Dodge: Dodged            |    47 |    85 |    45 ||   177
